AoeStats
← AiM | XiøFabrY

Fortress

510437954Analyzed
1v1 RM · 2d ago on Oct 1, 2026· 66m 37s· 2 players
Game mode
Random Map
Map size
Small (3 player)
Population
200
Speed
Normal
Resources
Standard
Victory
Conquest
Starting age
Dark Age
Ending age
Imperial Age
RankedLock teamsTeams togetherTeam positionsShared explorationLock speedFull tech treeHidden civsTurbo modeCheats
Victory
Defeat
🇺🇸 Saracens · United States
1229
+17
🇨🇱 Khmer · Chile
1248
-17
Flying Cap
8:50 Feudal Age
9:27 Double-Bit Axe
9:24 Horse Collar
13:13 Castle Age
11:41 Gold Mining
14:03 Wheelbarrow
15:02 Gold Shaft Mining
14:35 Scale Barding Armor
15:05 Bow Saw
14:57 Heavy Plow
15:22 Loom
19:54 Town Watch
20:29 Bloodlines
26:07 Imperial Age
23:54 Hand Cart
25:13 Forging
25:23 Chain Barding Armor
25:08 Husbandry
27:22 Iron Casting
26:22 Elite Mameluke
26:57 Stone Mining
30:03 Plate Barding Armor
31:04 Bimaristan
32:06 Blast Furnace
30:52 Onager
32:00 Fletching
33:46 Siege Engineers
34:55 Conscription
34:58 Siege Onager
36:54 Two-Man Saw
36:12 Fortified Wall
36:15 Light Cavalry
40:15 Chemistry
39:27 Masonry
40:01 Hoardings
40:47 Bodkin Arrow
41:39 Counterweights
52:42 Ballistics
59:17 Bracer
AiM | XiøFabrY
7:08 Feudal Age
10:16 Castle Age
8:14 Double-Bit Axe
9:11 Gold Mining
9:05 Horse Collar
9:16 Horse Collar
10:06 Gold Mining
14:40 Wheelbarrow
13:50 Loom
14:35 Heavy Plow
18:53 Sanctity
18:44 Fervor
22:53 Imperial Age
20:32 Town Watch
21:04 Stone Mining
22:56 Scale Barding Armor
23:04 Forging
23:18 Hand Cart
24:12 Conscription
23:16 Pikeman
24:04 Devotion
24:02 Elite Ballista Elephant
24:35 Crossbowman
26:35 Bow Saw
26:41 Bloodlines
26:36 Husbandry
27:20 Chain Barding Armor
27:15 Padded Archer Armor
27:08 Arbalester
27:58 Fletching
27:33 Light Cavalry
29:30 Plate Barding Armor
29:54 Ballistics
29:47 Bodkin Arrow
31:32 Chemistry
31:24 Bracer
31:40 Leather Archer Armor
33:54 Gold Shaft Mining
34:03 Iron Casting
33:58 Ring Archer Armor
34:27 Double Crossbow
36:19 Blast Furnace
35:40 Hussar
37:02 Siege Engineers
37:11 Masonry
36:56 Murder Holes
38:53 Scale Mail Armor
39:13 Town Patrol
38:42 Elite Battle Elephant
40:19 Hoardings
39:45 Tusk Swords
41:24 Chain Mail Armor
42:24 Halberdier
42:50 Arson
47:19 Onager
48:17 Capped Ram
48:41 Elite Skirmisher
52:00 Siege Ram
63:06 Heavy Scorpion
Connection lost

Rejoining the realm…

Still unreachable

The connection could not be restored.

Session expired

The server has moved on; the page needs a fresh start.